 Dungeon Crawl Stone Soup version 0.29-a0-284-gf9362112df (webtiles) character file.

Game seed: 3626705005054809421

53 holysushi the Ruffian (level 3, -2/36 HPs)
             Began as an Ogre Transmuter on Mar 27, 2022.
             Killed from afar by an orc wizard (6 damage)
             ... with a magic dart
             ... on level 3 of the Dungeon.
             The game lasted 00:04:48 (3064 turns).

holysushi the Ruffian (Ogre Transmuter)             Turns: 3064, Time: 00:04:49

Health: -2/36      AC:  3    Str: 14    XL:     3   Next: 87%
Magic:  6/6        EV:  9    Int: 16    God:
Gold:   191        SH:  0    Dex:  9    Spells: 0/6 levels left

rFire   . . .      SeeInvis .     - Unarmed
rCold   . . .      Faith    .   (no shield)
rNeg    . . .      Spirit   .   a - +0 robe
rPois   .          Reflect  .   (helmet restricted)
rElec   .          Harm     .   (no cloak)
rCorr   .          Rampage  .   (gloves unavailable)
Will    .....                   (boots unavailable)
Stlth   +.........              (no amulet)
HPRegen 0.12/turn               (no ring)
MPRegen 0.10/turn               (no ring)

@: confused, ambrosia-drunk, attractive, hasted, very quick
A: large, unfitting armour, tough skin 1
a: no special abilities


You were on level 3 of the Dungeon.
You visited 1 branch of the dungeon, and saw 3 of its levels.

You collected 191 gold pieces.

Inventory:

Armour
 a - a +0 robe (worn)
Jewellery
 f - an amulet of magic regeneration
Scrolls
 e - a scroll of summoning {unknown}
 i - 2 scrolls of identify {unknown}
 j - a scroll of magic mapping {unknown}
 l - a scroll of enchant armour {unknown}
Potions
 b - 2 potions of lignification
 h - a potion of magic {unknown}
 k - a potion of invisibility {unknown}


   Skills:
 + Level 2.8 Fighting
 - Level 1.7 Dodging
 * Level 3.7 Unarmed Combat
 - Level 2.4 Spellcasting
 + Level 1.9 Transmutations
 + Level 0.2 Poison Magic


You couldn't memorise any spells.
You knew the following spells:

 Your Spells              Type           Power      Damage    Failure   Level
a - Beastly Appendage     Tmut           16%        N/A       9%          1
b - Wereblood             Tmut           8%         N/A       14%         2
c - Spider Form           Tmut/Pois      5%         N/A       36%         3

Your spell library contained the following spells:

 Spells                   Type           Power      Damage    Failure   Level
 Sublimation of Blood     Necr           1%         N/A       30%         2
 Ice Form                 Ice/Tmut       4%         N/A       80%         4
 Summon Hydra             Summ           0%         N/A       100%        7


Dungeon Overview and Level Annotations

Branches:
Dungeon (3/15)

Altars:

Annotations:
D:2 exclusion: downstairs


Innate Abilities, Weirdness & Mutations

You are too large for most types of armour.
You have tough skin. (AC +1)


Message History

The bat hits you but does no damage.
You closely miss something. The bat closely misses you. Something hits you.
An orc wizard appears from thin air!
Reactivating autopickup.
The bat misses you.
The orc wizard hits you with a +0 dagger.
You closely miss the bat. The bat barely misses you.
The orc wizard hits you with a +0 dagger.
The bat hits you. The bat closely misses you.
The orc wizard attacks as you move away!
The orc wizard hits you with a +0 dagger.
The bat hits you. The orc wizard casts a spell at you.
The puff of flame hits you!
* * * LOW HITPOINT WARNING * * *
The bat hits you.
* * * LOW HITPOINT WARNING * * *
The bat barely misses you. The bat barely misses you.
The bat attacks as you move away! The bat closely misses you. The bat hits you.
* * * LOW HITPOINT WARNING * * *
Okay, then.
Unknown command.
Unknown command.
It was a potion of attraction.
You feel attractive to monsters. The bat barely misses you.
The bat is attracted toward you.
It was a potion of haste.
You feel yourself speed up. The bat barely misses you.
The orc wizard gestures at you while chanting.
You are confused.
The orc wizard is attracted toward you. The bat is attracted toward you.
Okay, then.
It was a potion of ambrosia.
You are more confused.
You feel invigorated.
The orc wizard points at you and mumbles some strange words.
The magic dart hits you.
You die...

.... #.# #..# #.#
#..# #.# #..# #.#
#..# #.# #..# #.#
#.<# #.######..#
#####.#bo@..).#
#.......####.##
#<....ยง.# #.#
#.#####.......####.#
#..................#
##..####.......######
......##.......#
......##.......#
......#####.##.##


You could see an orc wizard and a bat.

Vanquished Creatures
  An adder (D:3)
  2 dart slugs
  3 orcs
  5 endoplasms
  A giant cockroach (D:1)
  2 hobgoblins
  4 jackals (D:1)
  4 ball pythons
  6 bats
  3 frilled lizards
  2 goblins
  5 rats
38 creatures vanquished.

Notes
Turn   | Place    | Note
-------+----------+-------------------------------------------
     0 | D:1      | holysushi the Ogre Transmuter began the quest for the Orb.
     0 | D:1      | Reached XP level 1. HP: 19/19 MP: 3/3
   215 | D:1      | Reached skill level 3 in Unarmed Combat
   277 | D:1      | Reached XP level 2. HP: 25/28 MP: 5/5
   550 | D:1      | Found a faded altar of an unknown god.
  1064 | D:2      | Reached XP level 3. HP: 28/36 MP: 4/6
  1265 | D:2      | Learned a level 2 spell: Wereblood
  1269 | D:2      | Learned a level 3 spell: Spider Form
  3058 | D:3      | HP: 1/36 [bat (1)]
  3064 | D:3      | Killed from afar by an orc wizard

Illustrated notes

Levels and vault maps discovered:
D:1:      enne_arrival_octagon_isle, layout_basic,
          shapermc_ecumenical_altar_notcrosses
D:2:      layout_loops_cross
D:3:      layout_loops_ring

Skill      XL: |  1  2 |
---------------+-------+-----
Unarmed Combat | 3 |  3.7
Fighting       | 2 |  2.8
Dodging        | |  1.7
Spellcasting   | |  2.4
Transmutations | |  1.9
Poison Magic   | |  0.2

Action                   || total
-------------------------++-------
Melee: Unarmed           ||   126
       Kick              ||    16
       Headbutt          ||     7
       Punch             ||     1
 Cast: Beastly Appendage ||    23
  Use: Potion            ||     3
 Stab: Sleeping          ||     2
Armor: Robe              ||    66
Dodge: Dodged            ||    85

Table legend: (Time is in decaauts)
 A = Elapsed time spent in this place.
 B = Non-inter-level travel time spent in this place.
 C = Inter-level travel time spent in this place.
 D = Time resting spent in this place.
 E = Time spent auto-exploring this place.
 F = Levels seen in this place.
 G = Mean time per level.
                   A        B        C        D        E       F      G
               +--------+--------+--------+--------+--------+-----+--------+
         Total |   3058 |   2981 |     77 |   1509 |   1001 |   3 | 1019.3 |
       Dungeon |   3058 |   2981 |     77 |   1509 |   1001 |   3 | 1019.3 |
               +--------+--------+--------+--------+--------+-----+--------+

Top non-repeatable levels by time:
     D:2: 1449 daAuts
     D:1: 1000 daAuts
     D:3: 608 daAuts
